 Dungeon Crawl Stone Soup version 0.29-a0-789-g7a8fcbc185 (webtiles) character file.

Game seed: 6611807192365078780

2667 kevlar127 the Grappler (level 9, -2/127 (138) HPs)
             Began as a Troll Berserker on July 3, 2022.
             Was an Elder of Trog.
             Slain by a wight
             ... wielding a +0 spear of venom
              (8 damage)
             ... on level 8 of the Dungeon.
             The game lasted 00:13:10 (6480 turns).

kevlar127 the Grappler (Troll Berserker)            Turns: 6480, Time: 00:13:11

HP:   -2/127 (138)  AC:  4    Str: 31    XL:     9   Next: 37%
MP:   0/8           EV: 10    Int:  3    God:    Trog [****..]
Gold: 436           SH:  0    Dex: 15    Spells: 8/8 levels left

rFire   . . .      SeeInvis .     - Unarmed
rCold   . . .      Faith    .   (no shield)
rNeg    . . .      Spirit   +   F - +0 robe {Will+}
rPois   .          Reflect  .   (helmet restricted)
rElec   .          Harm     .   (no cloak)
rCorr   .          Rampage  .   (gloves unavailable)
Will    ++++.                   (boots unavailable)
Stlth   ..........              y - amulet of guardian spirit
HPRegen 2.11/turn               x - ring of willpower
MPRegen 0.11/turn               E - +6 ring of dexterity

@: berserking, strong-willed, regenerating, drained, very quick
A: large, unfitting armour, claws 3, regeneration 1, shaggy fur 1, tough skin 1
a: Renounce Religion, Berserk, Trog's Hand, Brothers in Arms


You were on level 8 of the Dungeon.
You worshipped Trog.
Trog was greatly pleased with you.
You visited 1 branch of the dungeon, and saw 8 of its levels.
You also visited: Ossuary.

You collected 436 gold pieces.

Inventory:

Missiles
 h - 41 stones
 i - 20 poisoned darts
 l - 2 javelins
 n - 2 throwing nets
 u - 5 curare-tipped darts
 C - 6 boomerangs (quivered)
Armour
 F - a +0 robe of willpower (worn)
 O - +0 acid dragon scales
Jewellery
 x - a ring of willpower (left claw)
 y - an amulet of guardian spirit (around neck)
 E - a +6 ring of dexterity (right claw)
 M - a ring of positive energy
Wands
 t - a wand of flame (44)
 A - a wand of polymorph (7)
 D - a wand of charming (9)
 J - a wand of quicksilver (8)
Scrolls
 c - 5 scrolls of teleportation {unknown}
 e - 2 scrolls of vulnerability {unknown}
 f - a scroll of acquirement {unknown}
 j - 3 scrolls of noise {unknown}
 k - 2 scrolls of summoning {unknown}
 m - 11 scrolls of identify {unknown}
 r - 2 scrolls of silence {unknown}
 s - a scroll of magic mapping {unknown}
 w - 7 scrolls of poison {unknown}
 B - 2 scrolls of brand weapon {unknown}
 H - 2 scrolls of immolation {unknown}
 I - a scroll of enchant weapon {unknown}
 K - a scroll of enchant armour {unknown}
Potions
 a - 2 potions of heal wounds {unknown}
 b - 2 potions of flight {unknown}
 d - 2 potions of might {unknown}
 g - 3 potions of invisibility {unknown}
 o - a potion of degeneration {unknown}
 p - 4 potions of lignification {unknown}
 q - 5 potions of curing {unknown}
 v - a potion of berserk rage {unknown}
 z - a potion of brilliance {unknown}
 G - a potion of experience {unknown}
 L - a potion of resistance {unknown}
 N - a potion of cancellation {unknown}


   Skills:
 + Level 6.9 Fighting
 + Level 4.9 Throwing
 - Level 3.0 Dodging
 + Level 8.3 Unarmed Combat
 + Level 2.1 Evocations


You had 8 spell levels left.
You didn't know any spells.
Your spell library was empty.

Dungeon Overview and Level Annotations

Branches:
Dungeon (8/15)             Temple (0/1) D:6         Ossuary (visited)
   Lair: D:8-11

Altars:
Dithmenos
Kikubaaqudgha
Okawaru
Uskayaw
Vehumet


Innate Abilities, Weirdness & Mutations

You are too large for most types of armour.
You have claws for hands.
Your natural rate of healing is unusually fast.
You are covered in fur. (AC +1)
You have tough skin. (AC +1)


Message History

You feel very sick. The wight barely misses you.
The wight hits you with a +5 scimitar!
* * * LOW HITPOINT WARNING * * *
You feel drained.
* * * LOW HITPOINT WARNING * * *
You feel sick.
Things that are here:
a +0 scimitar; a +0 robe The wight attacks as you move away!
The wight hits you with a +5 scimitar!
* * * LOW HITPOINT WARNING * * *
You feel drained.
* * * LOW HITPOINT WARNING * * *
You feel sick.
You claw the wight!
You destroy the wight!
Trog accepts your kill.
You feel sick.
You feel sick.
Items here: )) [[.
You scratch the orc.
The orc is almost dead.
You barely miss the orc.
The orc is almost dead.
You feel sick. The orc hits you with a +0 club.
* * * LOW HITPOINT WARNING * * *
You completely miss the orc.
The orc is almost dead.
You feel sick.
The wight hits you from afar with a +0 spear of venom.
* * * LOW HITPOINT WARNING * * *
The orc hits you with a +0 club.
* * * LOW HITPOINT WARNING * * *
A red film seems to cover your vision as you go berserk!
You feel yourself moving faster!
You feel mighty!
You feel sick.
You are no longer poisoned.
The wight barely misses you. The orc misses you.
You closely miss the orc.
The orc is almost dead.
The wight hits you from afar with a +0 spear of venom!
You die...

#. .... #. ... ##
##.... .. ... ....#
##.# .... #..###..
.....
#......#####<.....
#........@oz......
#####..##..#####o.....
#.....[..........##.##
..##......#######
#...###....# #.#.#
####.# .>.#.# .# #..#
#<# .# ...# #.# #


You could see a wight and 2 orcs.

Vanquished Creatures
  Maggie (D:7)
  2 wraiths (Ossuary)
  A water moccasin (D:4)
  A sky beast (D:7)
  An ice beast (D:7)
  An orc warrior (D:4)
  A black bear (D:4)
  A kobold brigand (D:7)
  2 phantoms
  2 necrophages
  3 bullfrogs
  4 scorpions
  6 wights
  2 electric eels
  A lava snake (D:7)
  3 jellies
  A hound (D:6)
  An orc priest (D:4)
  2 iguanas
  2 orc wizards
  9 adders
  A shadow imp (D:5)
  3 white imps
  An ufetubus (D:5)
  An adder zombie (Ossuary)
  3 dart slugs
  27 orcs
  6 ball pythons
  5 bats
  7 endoplasms
  A giant cockroach (D:3)
  7 hobgoblins
  4 jackals (D:1)
  2 quokkas
  2 ball python skeletons (Ossuary)
  3 frilled lizards
  6 goblins
  2 hobgoblin skeletons (Ossuary)
  12 kobolds
  A kobold zombie (Ossuary)
  2 orc skeletons (Ossuary)
  An orc zombie (Ossuary)
  A rat (D:1)
145 creatures vanquished.

Vanquished Creatures (others)
  8 plants (D:6)
8 creatures vanquished.

Grand Total: 153 creatures vanquished

Notes
Turn   | Place    | Note
-------+----------+-------------------------------------------
     0 | D:1      | kevlar127 the Troll Berserker began the quest for the Orb.
     0 | D:1      | Reached XP level 1. HP: 22/22 MP: 0/0
    51 | D:1      | Found a faded altar of an unknown god.
   518 | D:1      | Reached XP level 2. HP: 29/29 MP: 1/1
  1010 | D:2      | Reached XP level 3. HP: 36/36 MP: 2/2
  1019 | D:2      | Found an iron altar of Okawaru.
  1104 | D:2      | Reached ** piety under Trog
  1402 | D:2      | Reached skill level 4 in Unarmed Combat
  1402 | D:2      | Reached XP level 4. HP: 44/45 MP: 3/3
  2279 | D:4      | Noticed a water moccasin
  2287 | D:4      | Killed a water moccasin
  2288 | D:4      | Reached XP level 5. HP: 46/54 MP: 4/4
  2460 | D:4      | Reached skill level 5 in Unarmed Combat
  2466 | D:4      | Reached *** piety under Trog
  2609 | D:4      | Noticed an orc warrior
  2614 | D:4      | Reached XP level 6. HP: 61/62 MP: 5/5
  2626 | D:4      | Killed an orc warrior
  3910 | D:4      | Reached skill level 5 in Fighting
  3910 | D:4      | Reached skill level 6 in Unarmed Combat
  3910 | D:4      | Reached XP level 7. HP: 72/72 MP: 6/6
  3949 | D:5      | Entered Level 5 of the Dungeon
  4108 | D:5      | Reached skill level 1 in Throwing
  4831 | D:6      | Found a staircase to the Ecumenical Temple.
  4839 | D:6      | Reached XP level 8. HP: 78/81 MP: 7/7
  4989 | D:6      | Found a hide-covered altar of Uskayaw.
  5130 | D:6      | Reached skill level 7 in Unarmed Combat
  5431 | D:7      | Found a sand-covered staircase.
  5439 | Ossuary  | Entered an ossuary
  5520 | Ossuary  | Reached **** piety under Trog
  5541 | Ossuary  | Noticed a flying skull
  5550 | Ossuary  | Noticed a flying skull
  5552 | Ossuary  | Noticed a flying skull
  5576 | Ossuary  | Noticed a flying skull
  5789 | D:7      | Noticed Maggie
  5793 | D:7      | Reached skill level 1 in Evocations
  5797 | D:7      | Reached XP level 9. HP: 65/92 MP: 8/8
  5800 | D:7      | Killed Maggie
  5801 | D:7      | Reached skill level 8 in Unarmed Combat
  6107 | D:7      | Found an ancient bone altar of Kikubaaqudgha.
  6167 | D:7      | Found a shadowy altar of Dithmenos.
  6168 | D:7      | Found a radiant altar of Vehumet.
  6478 | D:8      | HP: 4/85 [wight/+0 spear of venom (5)]
  6480 | D:8      | Slain by a wight

Illustrated notes

Levels and vault maps discovered:
D:1:      dpeg_arrival_simpleton_c, layout_basic, ebering_ecumenical_altar_hall,
          nicolae_hexahallways
D:2:      layout_loops_ring, basic_altar
D:3:      layout_rooms, minmay_starry_boxes
D:4:      layout_basic
D:5:      layout_loops_ring
D:6:      layout_rooms, mainiacjoe_overflow_paths,
          minmay_temple_entry_junction_2, serial_bayou, serial_bayou_lagoon_b,
          serial_bayou_pond_e, serial_bayou_pond_e, serial_bayou_lagoon_a,
          roderic_nine_men_s_morris, grunt_decor_cap
D:7:      layout_rooms, chequers_temple_overflow_statue_of_worship,
          nicolae_ossuary_entry_ruins, st_stairs_3, nicolae_lava_and_water,
          uniq_maggie
D:8:      layout_rooms

Skill      XL: |  1  2  3  4  5  6  7  8  9 |
---------------+----------------------------+-----
Fighting       | 3 4 5 6 |  6.9
Unarmed Combat | 4 5 6 7 8 |  8.3
Throwing       | 2 4 |  4.9
Dodging        | 3 |  3.0
Evocations     | 1 2 |  2.1

Action                   |  1- 3 |  4- 6 |  7- 9 || total
-------------------------+-------+-------+-------++-------
Melee: Unarmed           |    92 |   114 |   192 ||   398
       Punch             |     1 |     3 |     6 ||    10
Throw: Boomerang         |       |       |    19 ||    19
Invok: Berserk           |       |     1 |     1 ||     2
       Trog's Hand       |       |     1 |     1 ||     2
 Stab: Sleeping          |     2 |     1 |     2 ||     5
Armor: Animal skin       |    31 |    33 |     9 ||    73
       Skin              |       |     3 |       ||     3
       Robe              |       |       |    18 ||    18
Dodge: Dodged            |    42 |    41 |    72 ||   155

Table legend: (Time is in decaauts)
 A = Elapsed time spent in this place.
 B = Non-inter-level travel time spent in this place.
 C = Inter-level travel time spent in this place.
 D = Time resting spent in this place.
 E = Time spent auto-exploring this place.
 F = Levels seen in this place.
 G = Mean time per level.
                   A        B        C        D        E       F      G
               +--------+--------+--------+--------+--------+-----+--------+
         Total |   6486 |   6141 |    345 |   1023 |   4182 |   9 |  720.7 |
       Dungeon |   6193 |   5848 |    345 |   1023 |   4012 |   8 |  774.1 |
       Ossuary |    293 |    293 |      0 |      0 |    170 |   1 |  293.0 |
               +--------+--------+--------+--------+--------+-----+--------+

Top non-repeatable levels by time:
     D:4: 1671 daAuts
     D:1: 972 daAuts
     D:2: 768 daAuts
     D:5: 759 daAuts
     D:7: 729 daAuts
     D:6: 728 daAuts
     D:3: 526 daAuts
 Ossuary: 293 daAuts
     D:8: 37 daAuts
